 Dungeon Crawl Stone Soup version 0.26-a0-639-g72c4674 (webtiles) character file.

Game seed: 16930345512617994220

894 robertstho the Ruffian (level 7, 0/68 HPs)
             Began as a Troll Fighter on Sept 16, 2020.
             Was a Believer of Uskayaw.
             Slain by a two-headed ogre
             ... wielding a +0 dire flail
              (4 damage)
             ... on level 7 of the Dungeon.
             The game lasted 00:04:21 (3924 turns).

robertstho the Ruffian (Troll Fighter)              Turns: 3924, Time: 00:04:21

Health: 0/68       AC:  6    Str: 26    XL:     7   Next: 78%
Magic:  6/6        EV:  9    Int:  5    God:    Uskayaw [**....]
Gold:   259        SH:  9    Dex:  9    Spells: 6/6 levels left

rFire    + . .     SeeInvis .     - Unarmed
rCold    x . .     Faith    .   b - +0 kite shield
rNeg     . . .     Spirit   .   a - +0 robe
rPois    .         Reflect  .   (helmet restricted)
rElec    .         Harm     .   (no cloak)
rCorr    .         Rampage  .   (gloves unavailable)
MR       .....                  (boots unavailable)
Stlth    +.........             (no amulet)
HPRegen  0.61/turn              x - ring of fire
MPRegen  0.10/turn              (no ring)

@: mighty
A: large, unfitting armour, claws 3, regeneration 1, shaggy fur 1, tough skin 3
a: Stomp, Line Pass, Renounce Religion


You were on level 7 of the Dungeon.
You worshipped Uskayaw.
Uskayaw was noncommittal.
You visited 2 branches of the dungeon, and saw 8 of its levels.

You collected 259 gold pieces.

Inventory:

Armour
 a - a +0 robe (worn)
 b - a +0 kite shield (worn)
Jewellery
 x - a ring of fire (left claw)
 B - an uncursed ring of see invisible {unknown}
Wands
 i - a wand of flame (15)
Scrolls
 d - 4 scrolls of remove curse {unknown}
 h - 3 scrolls of identify {unknown}
 j - a scroll of enchant weapon {unknown}
 k - a scroll of blinking {unknown}
 l - 3 scrolls of noise {unknown}
 n - a scroll of enchant armour {unknown}
 s - 4 scrolls of amnesia {unknown}
 v - 3 scrolls of teleportation {unknown}
 w - a scroll of vulnerability {unknown}
 y - a scroll of acquirement {unknown}
 A - a scroll of fear {unknown}
Potions
 e - 3 potions of stabbing {unknown}
 f - a potion of mutation {unknown}
 g - a potion of flight {unknown}
 m - 4 potions of curing {unknown}
 o - a potion of brilliance {unknown}
 p - a potion of haste {unknown}
 q - a potion of heal wounds {unknown}
 r - a potion of ambrosia {unknown}
 t - a potion of cancellation {unknown}
 u - a potion of lignification {unknown}
 z - a potion of resistance {unknown}


   Skills:
 * Level 3.6 Fighting
 + Level 3.3 Dodging
 - Level 0.7 Stealth
 + Level 3.2 Shields
 * Level 7.1 Unarmed Combat
 * Level 0.9 Invocations


You had 6 spell levels left.
You didn't know any spells.
Your spell library contained the following spells:

 Spells                   Type           Power        Failure   Level
 Animate Skeleton         Necr           #.....       88%         1
 Pain                     Necr           #...         88%         1
 Vampiric Draining        Necr           #.........   99%         3
 Animate Dead             Necr           #.........   100%        4
 Agony                    Necr           #.......     100%        5


Dungeon Overview and Level Annotations

Branches:
Dungeon (7/15)             Temple (1/1) D:5

Altars:
Ashenzari
Dithmenos
Elyvilon
Gozag
Hepliaklqana
Kikubaaqudgha
Makhleb
Nemelex Xobeh
Ru
Trog
Uskayaw
Vehumet
Xom
Yredelemnul


Innate Abilities, Weirdness & Mutations

You are too large for most types of armour.
You have claws for hands.
Your natural rate of healing is unusually fast.
You are covered in fur. (AC +1)
You have extremely tough skin. (AC +3)


Message History

You are too injured to fight recklessly!
You are too injured to fight recklessly!
You are too injured to fight recklessly!
You are too injured to fight recklessly!
You are too injured to fight recklessly!
You are too injured to fight recklessly!
You are too injured to fight recklessly!
You are too injured to fight recklessly!
You are too injured to fight recklessly!
You are too injured to fight recklessly!
You are too injured to fight recklessly!
You feel very mighty all of a sudden. The two-headed ogre closely misses you.
The two-headed ogre hits you with a +0 giant club!!
* * * LOW HITPOINT WARNING * * *
You claw the two-headed ogre!
The two-headed ogre is severely wounded.
You block the two-headed ogre's attack.
The two-headed ogre hits you with a +0 giant club.
You die...

#.#.###.##
#.#.##.#.##
#.#.#.###.###
#....## ##..#
#####.###.#.#
######.#.##.#
........###.#
#########
#.##########
#.....@O...#
##########.._.
#


You could see a two-headed ogre.

Vanquished Creatures
  A sky beast (D:6)
  2 ogres
  2 scorpions
  A howler monkey (D:4)
  2 jellies (D:4)
  An orc priest (D:5)
  A hound (D:4)
  3 orc wizards
  3 worker ants
  Terence (D:3)
  A hound zombie (D:6)
  2 hound skeletons
  4 adders
  7 oozes
  A worm (D:3)
  2 dart slugs
  A leopard gecko (D:5)
  12 orcs
  4 giant cockroaches
  6 goblins
  10 hobgoblins
  4 jackals (D:2)
  15 kobolds
  4 quokkas
  A ball python (D:1)
  4 bats
  5 frilled lizards
  A jackal skeleton (D:6)
  8 rats
109 creatures vanquished.

Vanquished Creatures (others)
  11 toadstools (D:4)
11 creatures vanquished.

Grand Total: 120 creatures vanquished

Notes
Turn   | Place    | Note
-------+----------+-------------------------------------------
     0 | D:1      | robertstho the Troll Fighter began the quest for the Orb.
     0 | D:1      | Reached XP level 1. HP: 22/22 MP: 0/0
   205 | D:1      | Reached XP level 2. HP: 29/29 MP: 1/1
   273 | D:1      | You fall into a shaft and drop 1 floor!
   329 | D:2      | Found a faded altar of an unknown god.
   351 | D:2      | Found a sacrificial altar of Ru.
   416 | D:2      | Reached XP level 3. HP: 32/36 MP: 2/2
  1175 | D:3      | Noticed Terence
  1183 | D:3      | Killed Terence
  1183 | D:3      | Reached skill level 3 in Unarmed Combat
  1183 | D:3      | Reached XP level 4. HP: 27/44 MP: 3/3
  1312 | D:3      | Found an opulent altar of Gozag.
  1572 | D:3      | Found a basalt altar of Yredelemnul.
  1577 | D:3      | Found a hide-covered altar of Uskayaw.
  1727 | D:4      | Noticed an ogre
  1741 | D:4      | Killed an ogre
  1741 | D:4      | Reached skill level 4 in Unarmed Combat
  1741 | D:4      | Reached XP level 5. HP: 30/53 MP: 4/4
  1792 | D:4      | Reached XP level 6. HP: 61/61 MP: 5/5
  1798 | D:4      | Reached skill level 5 in Unarmed Combat
  2358 | D:5      | Entered Level 5 of the Dungeon
  2391 | D:5      | Reached skill level 6 in Unarmed Combat
  2391 | D:5      | Reached XP level 7. HP: 67/67 MP: 6/6
  2503 | D:5      | Found a staircase to the Ecumenical Temple.
  2516 | Temple   | Entered the Ecumenical Temple
  2714 | D:3      | Became a worshipper of Uskayaw the Reveler
  2872 | D:5      | Found a shadowy altar of Dithmenos.
  3140 | D:5      | Reached * piety under Uskayaw
  3141 | D:5      | Reached ** piety under Uskayaw
  3187 | D:5      | Found a hazy altar of Hepliaklqana.
  3517 | D:6      | Reached skill level 7 in Unarmed Combat
  3577 | D:6      | Found a bloodstained altar of Trog.
  3839 | D:7      | Found a sparkling altar of Nemelex Xobeh.
  3915 | D:7      | Noticed a two-headed ogre
  3917 | D:7      | Found an ancient bone altar of Kikubaaqudgha.
  3923 | D:7      | HP: 3/68 [two-headed ogre/+0 dire flail (23)]
  3924 | D:7      | Slain by a two-headed ogre

Illustrated notes

Levels and vault maps discovered:
D:1:      minmay_arrival_loop, layout_loops_corners, kennysheep_doodads
D:2:      layout_rooms, lemuel_round_altar,
          chequers_ecumenical_altar_simple_redux
D:3:      layout_rooms, old_standard_altar, minitemple, uniq_terence
D:4:      cheibrodos_fertilizer, layout_basic
D:5:      layout_loops_ring, nicolae_dithmenos_shadow_blocks,
          kennysheep_little_box, temple_statues
D:6:      layout_rooms, trog_book
D:7:      layout_loops_ring, overflow_temple_1_default,
          nemelex_lonely_heart_becter
Temple:   minmay_temple_curvy_loop

Skill      XL: |  1  2  3  4  5  6  7 |
---------------+----------------------+-----
Unarmed Combat | 3 4 6 7 |  7.1
Fighting       | 3 |  3.6
Dodging        | 3 |  3.3
Shields        | 3 |  3.2
Stealth        | |  0.7
Invocations    | |  0.9

Action                   |  1- 3 |  4- 6 |  7- 9 || total
-------------------------+-------+-------+-------++-------
Melee: Unarmed           |    96 |   124 |    91 ||   311
  Use: Potion            |       |       |     1 ||     1
 Stab: Sleeping          |     1 |     1 |       ||     2
Armor: Robe              |    23 |    29 |    26 ||    78
Dodge: Dodged            |    25 |    49 |    30 ||   104
Block: Kite shield       |    24 |    39 |    36 ||    99

Table legend: (Time is in decaauts)
 A = Elapsed time spent in this place.
 B = Non-inter-level travel time spent in this place.
 C = Inter-level travel time spent in this place.
 D = Time resting spent in this place.
 E = Time spent auto-exploring this place.
 F = Levels seen in this place.
 G = Mean time per level.
                   A        B        C        D        E       F      G
               +--------+--------+--------+--------+--------+-----+--------+
         Total |   3920 |   3607 |    313 |      0 |   2984 |   8 |  490.0 |
       Dungeon |   3782 |   3530 |    252 |      0 |   2907 |   7 |  540.3 |
        Temple |    137 |     77 |     60 |      0 |     77 |   1 |  137.0 |
               +--------+--------+--------+--------+--------+-----+--------+

Top non-repeatable levels by time:
     D:4: 770 daAuts
     D:1: 747 daAuts
     D:5: 658 daAuts
     D:6: 531 daAuts
     D:3: 524 daAuts
     D:2: 423 daAuts
  Temple: 137 daAuts
     D:7: 126 daAuts
